NYP
MAHONING VALLEY SCRAPPERS @ VANCOUVER CANADIANS
07/03/2044
 
TOP OF THE 1ST
Mahoning Valley Scrappers batting - Pitching for Vancouver Canadians : RHP Young-ghil Sohn
Pitching: RHP Young-ghil Sohn
Batting: LHB John Harring 0-0: Called Strike
0-1: Bunt missed!
0-2: Ball
1-2: Foul Ball, location: 2F
1-2: Ball
2-2: Strikes out swinging
Batting: RHB Jeremy Givens 0-0: Called Strike
0-1: Ground out 3-1 (Groundball, 34S, EV 94.4 MPH)
Batting: RHB Ryan Gautney 0-0: Swinging Strike
0-1: Called Strike
0-2: Ball
1-2: Foul Ball, location: 2F
1-2: Fly out, F9 (Flyball, 89M, EV 91.9 MPH)
Top of the 1st over - 0 runs, 0 hits, 0 errors, 0 left on base; Mahoning Valley 0 - Vancouver 0
BOTTOM OF THE 1ST
Vancouver Canadians batting - Pitching for Mahoning Valley Scrappers : RHP Eduardo Garcia
Pitching: RHP Eduardo Garcia
Batting: RHB Laroya Foronda 0-0: Ball
1-0: SINGLE (Line Drive, 4M, EV 95.6 MPH)
Batting: RHB Carlos Ramirez 0-0: Ball
Laroya Foronda steals 2nd base (no throw)
1-0: Ball
2-0: Called Strike
2-1: Foul Ball, location: 2F
2-2: Fly out, F4 (Popup, 23, EV 80.6 MPH)
Batting: RHB Cesar Chavez 0-0: Called Strike
0-1: Foul Ball, location: 2F
0-2: Ball
1-2: Strikes out swinging
Batting: LHB Edgar Castillo 0-0: Ball
1-0: Foul Ball, location: 2F
1-1: Called Strike
1-2: Foul Ball, location: 2F
1-2: SINGLE (Line Drive, 6M, EV 95.6 MPH)
Laroya Foronda to third
Runner from 3rd tries for Home, SAFE, throw by CF to home
Batting: LHB Tatsuyuki Yamada 0-0: Called Strike
0-1: Swinging Strike
0-2: Strikes out swinging
Bottom of the 1st over - 1 run, 2 hits, 0 errors, 1 left on base; Mahoning Valley 0 - Vancouver 1
TOP OF THE 2ND
Mahoning Valley Scrappers batting - Pitching for Vancouver Canadians : RHP Young-ghil Sohn
Batting: SHB Joe Zeiset 0-0: Ball
1-0: Called Strike
1-1: Ball
2-1: Foul Ball, location: 2F
2-2: Strikes out looking
Batting: LHB Devon Grant 0-0: Ground out 4-3 (Groundball, 4, EV 86.9 MPH)
Batting: RHB Andy Lewis 0-0: Ball
1-0: Called Strike
1-1: Called Strike
1-2: Ball
2-2: Strikes out looking
Top of the 2nd over - 0 runs, 0 hits, 0 errors, 0 left on base; Mahoning Valley 0 - Vancouver 1
BOTTOM OF THE 2ND
Vancouver Canadians batting - Pitching for Mahoning Valley Scrappers : RHP Eduardo Garcia
Batting: RHB Kyle Scruggs 0-0: Ball
1-0: Foul Ball, location: 2F
1-1: Ball
2-1: Foul Ball, location: 2F
2-2: Ball
3-2: Foul Ball, location: 2F
3-2: Base on Balls
Batting: RHB Carlos Renteria 0-0: Ball
1-0: Called Strike
1-1: Called Strike
1-2: Strikes out swinging
Batting: SHB David Beauchamp 0-0: Called Strike
0-1: Ball
1-1: Ball
2-1: Swinging Strike
2-2: Foul Ball, location: 2F
2-2: Ball
3-2: Foul Ball, location: 2F
3-2: 2-RUN HOME RUN (Flyball, 89XD, EV 106.9 MPH), Distance : 413 ft
Batting: RHB Jonathan Klemm 0-0: Called Strike
0-1: Ground out 2-3 (Groundball, 2L, EV 73.8 MPH)
Batting: RHB Laroya Foronda 0-0: Ball
1-0: Reached on error, E6 (Groundball, 6, EV 85.6 MPH)
Batting: RHB Carlos Ramirez 0-0: Ball
Laroya Foronda is caught stealing 2nd base 2-4
Bottom of the 2nd over - 2 runs, 1 hit, 1 error, 0 left on base; Mahoning Valley 0 - Vancouver 3
TOP OF THE 3RD
Mahoning Valley Scrappers batting - Pitching for Vancouver Canadians : RHP Young-ghil Sohn
Batting: RHB Blake Kelly 0-0: Ball
1-0: Ball
2-0: Foul Ball, location: 2F
2-1: Ground out 6-3 (Groundball, 6, EV 87.5 MPH)
Batting: RHB Tetsuhiro Taki 0-0: Called Strike
0-1: Called Strike
0-2: Ground out 5-3 (Groundball, 56, EV 85.6 MPH)
Batting: LHB Tom Bemis 0-0: Ball
1-0: Called Strike
1-1: Called Strike
1-2: Ball
2-2: Foul Ball, location: 2F
2-2: Strikes out swinging
Top of the 3rd over - 0 runs, 0 hits, 0 errors, 0 left on base; Mahoning Valley 0 - Vancouver 3
BOTTOM OF THE 3RD
Vancouver Canadians batting - Pitching for Mahoning Valley Scrappers : RHP Eduardo Garcia
Batting: RHB Carlos Ramirez 0-0: Ground out 5-3 (Groundball, 5L, EV 77.5 MPH)
Batting: RHB Cesar Chavez 0-0: Called Strike
0-1: Called Strike
0-2: Ball
1-2: Strikes out looking
Batting: LHB Edgar Castillo 0-0: Ball
1-0: Ball
2-0: Called Strike
2-1: Fly out, F9 (Flyball, 9, EV 93.1 MPH)
Bottom of the 3rd over - 0 runs, 0 hits, 0 errors, 0 left on base; Mahoning Valley 0 - Vancouver 3
TOP OF THE 4TH
Mahoning Valley Scrappers batting - Pitching for Vancouver Canadians : RHP Young-ghil Sohn
Batting: LHB John Harring 0-0: Called Strike
0-1: Ball
1-1: Foul Ball, location: 2F
1-2: Ball
2-2: Strikes out swinging
Batting: RHB Jeremy Givens 0-0: Called Strike
0-1: Ball
1-1: Swinging Strike
1-2: Strikes out swinging
Batting: RHB Ryan Gautney 0-0: Called Strike
0-1: Ground out 5-3 (Groundball, 56, EV 106.9 MPH)
Top of the 4th over - 0 runs, 0 hits, 0 errors, 0 left on base; Mahoning Valley 0 - Vancouver 3
BOTTOM OF THE 4TH
Vancouver Canadians batting - Pitching for Mahoning Valley Scrappers : RHP Eduardo Garcia
Batting: LHB Tatsuyuki Yamada 0-0: Called Strike
0-1: Ground out 4-3 (Groundball, 4S, EV 65.6 MPH)
Batting: RHB Kyle Scruggs 0-0: Swinging Strike
0-1: SINGLE (Groundball, 56D, EV 108.1 MPH)
Batting: RHB Carlos Renteria 0-0: Called Strike
0-1: Called Strike
0-2: Ball
1-2: Ball
2-2: Strikes out swinging
Batting: SHB David Beauchamp 0-0: Called Strike
0-1: Ball
1-1: Called Strike
1-2: Strikes out swinging
Bottom of the 4th over - 0 runs, 1 hit, 0 errors, 1 left on base; Mahoning Valley 0 - Vancouver 3
TOP OF THE 5TH
Mahoning Valley Scrappers batting - Pitching for Vancouver Canadians : RHP Young-ghil Sohn
Batting: SHB Joe Zeiset 0-0: Ground out 4-3 (Groundball, 4, EV 85.0 MPH)
Batting: LHB Devon Grant 0-0: Ball
1-0: Ball
2-0: Called Strike
2-1: Called Strike
2-2: Fly out, F8 (Flyball, 8RS, EV 92.5 MPH)
Batting: RHB Andy Lewis 0-0: Called Strike
0-1: Swinging Strike
0-2: Strikes out swinging
Top of the 5th over - 0 runs, 0 hits, 0 errors, 0 left on base; Mahoning Valley 0 - Vancouver 3
BOTTOM OF THE 5TH
Vancouver Canadians batting - Pitching for Mahoning Valley Scrappers : RHP Eduardo Garcia
Batting: RHB Jonathan Klemm 0-0: Called Strike
0-1: Hit by Pitch
Batting: RHB Laroya Foronda 0-0: SINGLE (Groundball, 34S, EV 81.3 MPH) (infield hit)
Jonathan Klemm to second
Batting: RHB Carlos Ramirez 0-0: Ball
1-0: Swinging Strike
1-1: Swinging Strike
1-2: Ball
2-2: Foul Ball, location: 2F
2-2: Foul Ball, location: 2F
2-2: Ball
3-2: Fielders Choice at 2nd, 3-6 (Groundball, 3, EV 85.6 MPH)
Jonathan Klemm to third
Batting: RHB Cesar Chavez 0-0: Ball
1-0: Called Strike
Carlos Ramirez is caught stealing 2nd base 2-4
1-1: Ground out 5-3 (Groundball, 56, EV 93.8 MPH)
Bottom of the 5th over - 0 runs, 1 hit, 0 errors, 1 left on base; Mahoning Valley 0 - Vancouver 3
TOP OF THE 6TH
Mahoning Valley Scrappers batting - Pitching for Vancouver Canadians : RHP Young-ghil Sohn
Batting: RHB Blake Kelly 0-0: Ball
1-0: DOUBLE (Flyball, 89D, EV 95.0 MPH)
Batting: RHB Tetsuhiro Taki 0-0: Swinging Strike
0-1: Ball
1-1: Swinging Strike
1-2: Ground out 6-3 (Groundball, 6MD, EV 82.5 MPH)
Blake Kelly to third
Batting: LHB Tom Bemis 0-0: Fly out, F9 (Flyball, 9LS, EV 74.4 MPH)
Batting: LHB John Harring 0-0: Called Strike
0-1: Swinging Strike
0-2: Ball
1-2: Ball
2-2: TRIPLE (Line Drive, 7D, EV 110.6 MPH)
Blake Kelly scores
Batting: RHB Jeremy Givens 0-0: Ball
1-0: Ball
2-0: Ground out 6-3 (Groundball, 6, EV 78.8 MPH)
Top of the 6th over - 1 run, 2 hits, 0 errors, 1 left on base; Mahoning Valley 1 - Vancouver 3
BOTTOM OF THE 6TH
Vancouver Canadians batting - Pitching for Mahoning Valley Scrappers : RHP Eduardo Garcia
Batting: LHB Edgar Castillo 0-0: Called Strike
0-1: Called Strike
0-2: Strikes out swinging
Pitching: LHP J.J. Adkins
Batting: SHB Harrison Feist 0-0: Called Strike
0-1: Ball
1-1: SINGLE (Line Drive, 7S, EV 104.4 MPH)
Batting: RHB Kyle Scruggs 0-0: Called Strike
0-1: Ball
1-1: Called Strike
1-2: Foul Ball, location: 2F
1-2: SINGLE (Flyball, 6D, EV 91.9 MPH)
Harrison Feist to second
Batting: RHB Carlos Renteria 0-0: Fielders Choice at 2nd, 4-6 (Groundball, 34D, EV 89.4 MPH)
Harrison Feist to third
Batting: SHB David Beauchamp 0-0: Ball
1-0: Swinging Strike
1-1: Ball
2-1: SINGLE (Groundball, 56S, EV 71.9 MPH) (infield hit)
Harrison Feist scores
Carlos Renteria to second
Batting: RHB Jonathan Klemm 0-0: Ball
1-0: Foul Ball, location: 2F
1-1: Ball
2-1: Fielders Choice at 2nd, 6-4 (Groundball, 6, EV 85.6 MPH)
Bottom of the 6th over - 1 run, 3 hits, 0 errors, 2 left on base; Mahoning Valley 1 - Vancouver 4
TOP OF THE 7TH
Mahoning Valley Scrappers batting - Pitching for Vancouver Canadians : RHP Young-ghil Sohn
Batting: RHB Ryan Gautney 0-0: Ground out 6-3 (Groundball, 6M, EV 105.0 MPH)
Batting: SHB Joe Zeiset 0-0: Ball
1-0: Foul Ball, location: 2F
1-1: Ball
2-1: Called Strike
2-2: Strikes out swinging
Batting: LHB Devon Grant 0-0: Swinging Strike
0-1: Foul Ball, location: 2F
0-2: Strikes out swinging
Top of the 7th over - 0 runs, 0 hits, 0 errors, 0 left on base; Mahoning Valley 1 - Vancouver 4
BOTTOM OF THE 7TH
Vancouver Canadians batting - Pitching for Mahoning Valley Scrappers : LHP J.J. Adkins
Pitching: LHP Victor Garcia
Batting: RHB Laroya Foronda 0-0: DOUBLE (Line Drive, 78XD, EV 98.8 MPH)
Batting: RHB Carlos Ramirez 0-0: Intentional Walk
Batting: RHB Cesar Chavez 0-0: Called Strike
0-1: Foul Ball, location: 2F
0-2: Ball
1-2: Foul Ball, location: 2F
1-2: Fielders Choice at 2nd, 4-6 (Groundball, 4, EV 86.9 MPH)
Laroya Foronda to third
Batting: LHB Edgar Castillo 0-0: Foul Ball, location: 2F
0-1: Foul Ball, location: 2F
0-2: Ball
1-2: Ball
Wild Pitch!
Laroya Foronda scores
Cesar Chavez to second
2-2: Fly out, F4 (Flyball, 34D, EV 80.0 MPH)
Batting: SHB Harrison Feist 0-0: Ball
1-0: Fly out, F7 (Flyball, 7, EV 91.3 MPH)
Bottom of the 7th over - 1 run, 1 hit, 0 errors, 1 left on base; Mahoning Valley 1 - Vancouver 5
TOP OF THE 8TH
Mahoning Valley Scrappers batting - Pitching for Vancouver Canadians : RHP Young-ghil Sohn
Now at 1B: Kyle Scruggs
Now at 3B: Joel Bender
Now in LF: Jonathan Klemm
Now in CF: Justin Powell
Batting: RHB Andy Lewis 0-0: Swinging Strike
0-1: Foul Ball, location: 2F
0-2: Strikes out looking
Batting: RHB Blake Kelly 0-0: Ball
1-0: Called Strike
1-1: Called Strike
1-2: Ball
2-2: SOLO HOME RUN (Flyball, 7LD, EV 97.5 MPH), Distance : 353 ft
Batting: RHB Tetsuhiro Taki 0-0: Ball
1-0: Called Strike
1-1: Swinging Strike
1-2: Strikes out looking
Batting: LHB Tom Bemis 0-0: Ball
1-0: Ball
2-0: Swinging Strike
2-1: Called Strike
2-2: Strikes out swinging
Top of the 8th over - 1 run, 1 hit, 0 errors, 0 left on base; Mahoning Valley 2 - Vancouver 5
BOTTOM OF THE 8TH
Vancouver Canadians batting - Pitching for Mahoning Valley Scrappers : LHP Victor Garcia
Pitching: RHP Mario del Rio
Batting: RHB Kyle Scruggs 0-0: Ball
1-0: Fly out, F5 (Line Drive, 5, EV 70.6 MPH)
Batting: RHB Carlos Renteria 0-0: Called Strike
0-1: Ball
1-1: Swinging Strike
1-2: Ball
2-2: Strikes out swinging
Batting: SHB David Beauchamp 0-0: Ball
1-0: Called Strike
1-1: Swinging Strike
1-2: Foul Ball, location: 2F
1-2: Foul Ball, location: 2F
1-2: Fly out, F6 (Popup, 6D, EV 51.3 MPH)
Bottom of the 8th over - 0 runs, 0 hits, 0 errors, 0 left on base; Mahoning Valley 2 - Vancouver 5
TOP OF THE 9TH
Mahoning Valley Scrappers batting - Pitching for Vancouver Canadians : RHP Young-ghil Sohn
Pitching: RHP Jonathan Ballejos
Batting: LHB John Harring 0-0: Ball
1-0: Called Strike
1-1: Hit by Pitch
Batting: RHB Jeremy Givens 0-0: Ball
1-0: Called Strike
1-1: Ball
2-1: Foul Ball, location: 2F
2-2: Strikes out swinging
Batting: RHB Ryan Gautney 0-0: Ball
1-0: Foul Ball, location: 2F
1-1: Swinging Strike
1-2: Ball
2-2: Foul Ball, location: 2F
2-2: Foul Ball, location: 2F
2-2: Ball
3-2: Foul Ball, location: 2F
3-2: Base on Balls
John Harring to second
Batting: SHB Joe Zeiset 0-0: Ball
1-0: Called Strike
1-1: Foul Ball, location: 2F
1-2: Ball
2-2: Foul Ball, location: 2F
2-2: Strikes out swinging
Pitching: RHP Juan Rodriguez
Batting: LHB Devon Grant Balk!
John Harring to third
Ryan Gautney to second
0-0: Swinging Strike
0-1: Ball
1-1: Called Strike
1-2: Ball
2-2: Strikes out swinging
Top of the 9th over - 0 runs, 0 hits, 0 errors, 2 left on base; Mahoning Valley 2 - Vancouver 5
Thursday, March 31st , 2022 - OOTP Baseball 22.12 Build 89